 Dungeon Crawl Stone Soup version 0.25-a0-566-g062765be81 (webtiles) character file.

Game seed: 6123270300617647571, levelgen mode: deterministic

42 Flugslaktarn the Covered (level 3, -2/34 HPs)
             Began as a Deep Dwarf Fighter on Feb 27, 2020.
             Slain by an orc warrior
             ... wielding a +2 scimitar of holy wrath
              (9 damage)
             ... on level 2 of the Dungeon.
             The game lasted 00:00:45 (429 turns).

Flugslaktarn the Covered (Deep Dwarf Fighter)        Turns: 429, Time: 00:00:46

Health: -2/34      AC:  8    Str: 20    XL:     3   Next: 33%
Magic:  2/2        EV:  7    Int:  8    God:
Gold:   28         SH:  9    Dex: 12    Spells: 2/2 levels left

rFire    . . .     SeeInvis .   a - +2 war axe
rCold    . . .     Gourm    .   c - +0 kite shield
rNeg     . . .     Faith    .   b - +0 scale mail
rPois    .         Spirit   .   (no helmet)
rElec    .         Reflect  .   f - scarf {cloud immunity}
rCorr    .         Harm     .   (no gloves)
MR       .....                  g - +0 pair of boots
Stlth    ..........             l - amulet of inaccuracy (curse)
HPRegen  0.00/turn              (no ring)
MPRegen  0.08/turn              (no ring)

@: lethally poisoned (-2 -> -2), non-regenerating
A: damage resistance, heal wounds, sense surroundings 1, no regeneration
a: Heal Wounds


You were on level 2 of the Dungeon.
You were not hungry.

You visited 1 branch of the dungeon, and saw 2 of its levels.

You collected 28 gold pieces.

Inventory:

Hand Weapons
 a - a +2 war axe (weapon)
Armour
 b - a +0 scale mail (worn)
 c - a +0 kite shield (worn)
 f - a scarf of cloud immunity (worn)
   (You found it on level 1 of the Dungeon)
 g - a +0 pair of boots (worn)
   (You found it on level 1 of the Dungeon)
Jewellery
 l - a cursed amulet of inaccuracy (around neck)
   (You found it on level 1 of the Dungeon)
Potions
 d - a potion of might
 h - a potion of lignification {unknown}
 j - 3 potions of curing {unknown}
Comestibles
 e - 2 rations
 i - 7 chunks of flesh


   Skills:
 + Level 3.0 Fighting
 * Level 3.1 Axes
 + Level 3.6 Armour
 + Level 3.6 Shields


You had 2 spell levels left.
You didn't know any spells.
Your spell library was empty.

Dungeon Overview and Level Annotations

Branches:
Dungeon (2/15)

Altars:


Innate Abilities, Weirdness & Mutations

You are resistant to damage.
You can heal yourself by infusing magical energy.
You passively map a small area around you.
You do not regenerate.


Message History

You block the jackal's attack. The adder bites you.
You are more poisoned.
The adder poisons you! You block the orc priest's attack.
The orc warrior throws a boomerang.
The boomerang hits you!
* * * LOW HITPOINT WARNING * * *
The weapon returns to the orc warrior!
The adder bites you but does no damage.
The orc priest calls upon Beogh to heal the orc priest.
The orc priest is healed somewhat.
The orc priest hits you but does no damage.
You are too injured to fight recklessly!
You are too injured to fight recklessly!
Your shield and scale mail prevent you from hitting the orc priest.
The orc priest is moderately wounded.
You closely miss the adder. You hit the jackal. You slash the jackal!
You kill the jackal!
The jackal bites you but does no damage.
The adder bites you. You block the orc priest's attack. x2
The jackal bites you but does no damage.
The orc warrior hits you with a +2 scimitar of holy wrath!
You die...

?# ......*#......# *
#.# #
#......##.#....#* #
*##..#.#
#...........###......
#.......
##.....#.#...........
..#.>...
.........#.####......
* Ko.(h...
...........# ####.#
Soh..h.. ......o...##
# #o......
..?..oSo†## *
#S...... ...S..o@.#


oo..... ......hh(# * #...... .........# *, o..... ....<...## .o.... .#.....##
,...... ###### * , * * * * , You could see an orc warrior, 2 orc priests, 2
adders, an orc and 2 jackals.

Vanquished Creatures
  2 oozes
  5 bats
  2 giant cockroaches (D:1)
  4 goblins
  6 hobgoblins
  A jackal (D:2)
  A quokka (D:2)
  A ball python (D:2)
  A frilled lizard (D:1)
  3 kobolds
  5 rats
31 creatures vanquished.

Notes
Turn   | Place    | Note
-------+----------+-------------------------------------------
     0 | D:1      | Flugslaktarn the Deep Dwarf Fighter began the quest for the
                  | Orb.
     0 | D:1      | Reached XP level 1. HP: 20/20 MP: 1/1
   219 | D:1      | Reached XP level 2. HP: 22/27 MP: 2/2
   388 | D:2      | Noticed an orc warrior
   397 | D:2      | Reached XP level 3. HP: 30/33 MP: 2/2
   429 | D:2      | Slain by an orc warrior

Levels and vault maps discovered:
D:1:      minmay_arrival_nine_rooms, layout_rooms, hex_tiny
D:2:      layout_rooms

Skill      XL: |  1  2  3 |
---------------+----------+-----
Axes           | 3 |  3.1
Fighting       | 3 |  3.0
Armour         | |  3.6
Shields        | |  3.6

Action                   || total
-------------------------++-------
Melee: War axe           ||    89
 Abil: Heal Wounds       ||     1
  Use: Scroll            ||     3
Armor: Scale mail        ||    77
Dodge: Dodged            ||    48
Block: Kite shield       ||    79

Table legend:
 A = Non-vault XP
 B = Vault XP
 C = Vault XP percentage of total XP
 D = Non-vault monster count
 E = Vault monster count
 F = Vault count percentage of total count
                 A         B        C        D         E       F
            +---------+---------+-------+---------+---------+-------
      Total |      60 |       0 |   0.0 |      31 |       0 |   0.0
            +---------+---------+-------+---------+---------+-------
        D:1 |      39 |       0 |   0.0 |      21 |       0 |   0.0
        D:2 |      21 |       0 |   0.0 |      10 |       0 |   0.0
            +---------+---------+-------+---------+---------+-------
